 Dungeon Crawl Stone Soup version 0.26-a0-639-g72c4674329 (webtiles) character file.

Game seed: 3235401574985043428

7148 Colgate the Thaumaturge (level 10, -1/50 HPs)
             Began as a Deep Elf Venom Mage on Sept 20, 2020.
             Was an Elder of Kikubaaqudgha.
             Slain by an eight-headed hydra (7 damage)
             ... on level 2 of the Lair of Beasts.
             The game lasted 03:10:47 (14161 turns).

Colgate the Thaumaturge (Deep Elf Venom Mage)      Turns: 14161, Time: 03:10:48

Health: -1/50      AC: 12    Str:  5    XL:     10   Next: 86%
Magic:  28/28      EV: 13    Int: 22    God:    Kikubaaqudgha [****..]
Gold:   497        SH:  0    Dex: 15    Spells: 4/33 levels left

rFire    . . .     SeeInvis +   b - staff of poison
rCold    . . .     Faith    +   (no shield)
rNeg     . . .     Spirit   .   O - +0 troll leather armour
rPois    +         Reflect  .   p - +0 helmet
rElec    .         Harm     .   r - +0 cloak
rCorr    .         Rampage  .   i - +2 pair of gloves
MR       +....                  y - +0 pair of boots
Stlth    ++........             e - amulet of faith
HPRegen  0.56/turn              c - ring of see invisible
MPRegen  0.21/turn              (no ring)

@: no status effects
A: yellow scales 1, blurry vision 1, dopey 1, wild magic 1, sturdy frame 1
a: Receive Corpses, Renounce Religion


You were on level 2 of the Lair of Beasts.
You worshipped Kikubaaqudgha.
Kikubaaqudgha was greatly pleased with you.
You visited 3 branches of the dungeon, and saw 12 of its levels.
You also visited: Sewer.

You collected 497 gold pieces.

Inventory:

Missiles
 x - 29 poisoned darts
 K - 10 boomerangs (quivered)
Armour
 i - a +2 pair of gloves (worn)
 p - a +0 helmet (worn)
 r - a +0 cloak (worn)
 y - a +0 pair of boots (worn)
 A - a +0 robe
 O - a +0 troll leather armour (worn)
Magical Staves
 a - an uncursed staff of conjuration
 b - an uncursed staff of poison (weapon)
Jewellery
 c - a ring of see invisible (left hand)
 e - an amulet of faith (around neck)
Wands
 f - a wand of iceblast (11)
 M - a wand of random effects (22)
 N - a wand of digging (7)
Scrolls
 h - 2 scrolls of teleportation
 j - a scroll of fog
 l - 3 scrolls of remove curse
 G - a scroll of magic mapping
Potions
 d - 4 potions of flight
 n - a potion of haste
 o - 5 potions of curing
 t - a potion of might {unknown}
 u - 2 potions of brilliance
 w - a potion of magic {unknown}
 B - 2 potions of heal wounds
 F - 2 potions of lignification


   Skills:
 - Level 2.4 Dodging
 - Level 2.4 Stealth
 - Level 12.4 Spellcasting
 - Level 1.0 Conjurations
 - Level 11.1 Necromancy
 - Level 3.0 Transmutations
 - Level 3.4 Fire Magic
 - Level 3.2 Air Magic
 + Level 9.6 Poison Magic


You had 4 spell levels left.
You knew the following spells:

 Your Spells              Type           Power        Failure   Level
a - Sting                 Tmut/Pois      ####         1%          1
b - Poisonous Vapours     Pois/Air       ######       1%          2
c - Olgreb's Toxic Radia  Pois           #######.     2%          4
d - Ignite Poison         Fire/Tmut/Pois ######..     3%          3
e - Mephitic Cloud        Conj/Pois/Air  ######..     4%          3
f - Animate Skeleton      Necr           ######       1%          1
g - Pain                  Necr           ####         1%          1
h - Vampiric Draining     Necr           ######....   1%          3
i - Sublimation of Blood  Necr           ######....   1%          2
j - Dazzling Flash        Conj/Hex       ###...       19%         3
k - Searing Ray           Conj           ###...       9%          2
l - Dispel Undead         Necr           ######..     1%          4

Your spell library contained the following spells:

 Spells                   Type           Power        Failure   Level
 Magic Dart               Conj           ###.         6%          1
 Fulminant Prism          Conj/Hex       ###.......   47%         4
 Iskenderun's Mystic Bla  Conj/Tloc      ###.....     47%         4
 Agony                    Necr           ######..     3%          5
 Death Channel            Necr           ######....   13%         6
 Borgnjor's Vile Clutch   Necr/Erth      #####.....   21%         5
 Simulacrum               Ice/Necr       #####.....   71%         6


Dungeon Overview and Level Annotations

Branches:
Dungeon (9/15)             Temple (1/1) D:4            Lair (2/6) D:8
  Sewer (visited)
  Swamp: Lair:2-4    Shoals: Lair:2-4     Snake: Lair:2-4    Spider: Lair:2-4
    Orc: D:9-12

Altars:
Ashenzari
Cheibriados
Dithmenos
Elyvilon
Fedhas
Gozag
Hepliaklqana
Kikubaaqudgha
Makhleb
Nemelex Xobeh
Okawaru
Qazlal
Ru
Sif Muna
Trog
Uskayaw
Vehumet
Wu Jian
Xom
Yredelemnul
Zin
The Shining One

Shops:
D:5 }

Annotations:
D:7 Maggie
D:9 exclusions: 5 gargoyles and ugly thing, Erolcha
Lair:2 exclusions: cane toad and 3 hydras


Innate Abilities, Weirdness & Mutations

You are partially covered in yellow scales. (AC +2)
Scrolls take you a little longer to read.
You are dopey. (Int -2)
Your spells are a little harder to cast, but a little more powerful.
Your movements are slightly less encumbered by armour. (ER -2)


Message History

Unknown command.
You climb upwards.
There is a stone staircase leading down here.
There is a stone staircase leading down here.
You climb downwards.
Level annotation: exclusions: cane toad and 3 hydras The eight-headed hydra roars!
You hear an angry hiss.
The eight-headed hydra barely misses you.
The eight-headed hydra bites you. x2; The eight-headed hydra bites you! x3
* * * LOW HITPOINT WARNING * * *
The eight-headed hydra closely misses you.
The eight-headed hydra misses you.
The eight-headed hydra bites you but does no damage. x2
The eight-headed hydra misses you.
The eight-headed hydra closely misses you.
The eight-headed hydra bites you.
* * * LOW HITPOINT WARNING * * *
The eight-headed hydra misses you. The eight-headed hydra bites you!
You die...
Kikubaaqudgha rasps: "You have failed me!
Welcome... death!"

####...... ...........
## ....D....
..........##. . #.......
............ .. #......
[.....[....8.>.8##......
..........#.....# #.D<..
................# #.....
..........##....# ##....
.......@.##.....## ..P..
.......D.#...8...#######
.......##.........#.#
......##.S8..<..8..#
#..(.##.............#
##### ..S....8....F..
..........#...[
.8..#.....# .8.
...##..8$.. ..


You could see an eight-headed hydra and a water moccasin.

Vanquished Creatures
  A two-headed ogre (D:9)
  A centaur zombie (D:9)
  2 komodo dragons (Lair:1)
  A troll (D:9)
  A hornet (D:9)
  3 hippogriffs (Lair:1)
  Sigmund (D:3)
  A basilisk (Lair:1)
  10 yaks
  A wyvern (D:9)
  Eustachio (D:5)
  Menkaure (D:6)
  A porcupine (Lair:1)
  A water moccasin (Lair:1)
  2 sky beasts
  2 ice beasts (D:8)
  A black bear (D:7)
  2 centaurs
  2 ogres
  A big kobold (Sewer)
  A wyvern zombie (D:9)
  4 bullfrogs
  2 wyvern skeletons (D:8)
  2 scorpions (D:8)
  A bullfrog skeleton (D:8)
  A jelly (D:5)
  2 quasits
  4 orc priests
  2 centaur skeletons (D:5)
  A hound (D:4)
  7 orc wizards
  Terence (D:3)
  Natasha (thrice) (D:3)
  7 worker ants
  A hound skeleton (D:9)
  3 worker ant zombies
  11 adders
  4 river rats
  3 shadow imps
  2 oozes (D:4)
  2 adder zombies
  3 worms
  4 dart slugs
  7 leopard geckos
  22 orcs
  A ball python (D:6)
  11 giant cockroaches
  9 goblins
  7 hobgoblins
  22 jackals
  11 kobolds
  2 bats
  2 frilled lizards (D:4)
  A leopard gecko skeleton (D:7)
  2 leopard gecko zombies
  A quokka skeleton (D:4)
  9 rats
214 creatures vanquished.

Vanquished Creatures (others)
  3 plants (D:4)
3 creatures vanquished.

Grand Total: 217 creatures vanquished

Notes
Turn   | Place    | Note
-------+----------+-------------------------------------------
     0 | D:1      | Colgate the Deep Elf Venom Mage began the quest for the
                  | Orb.
     0 | D:1      | Reached XP level 1. HP: 10/10 MP: 6/6
   260 | D:1      | Reached XP level 2. HP: 15/15 MP: 6/8
   277 | D:1      | Learned a level 2 spell: Poisonous Vapours
   951 | D:1      | Reached XP level 3. HP: 19/19 MP: 4/9
  1648 | D:2      | Reached skill level 5 in Poison Magic
  1732 | D:2      | Reached skill level 1 in Air Magic
  2058 | D:2      | Reached XP level 4. HP: 24/24 MP: 5/10
  2065 | D:2      | Learned a level 4 spell: Olgreb's Toxic Radiance
  2207 | D:3      | Noticed Sigmund
  2233 | D:3      | Noticed Natasha
  2236 | D:3      | Killed Natasha
  2644 | D:3      | Noticed Natasha
  2655 | D:3      | Noticed Terence
  2656 | D:3      | Killed Natasha
  2656 | D:3      | Reached skill level 4 in Spellcasting
  2669 | D:3      | Reached XP level 5. HP: 17/28 MP: 3/13
  2674 | D:3      | Learned a level 3 spell: Ignite Poison
  2859 | D:3      | Noticed Natasha
  2862 | D:3      | Killed Natasha
  3035 | D:3      | Killed Terence
  3035 | D:3      | Reached skill level 5 in Spellcasting
  3807 | D:4      | Found an iron altar of Okawaru.
  3814 | D:4      | Learned a level 3 spell: Mephitic Cloud
  3837 | D:4      | Reached skill level 6 in Spellcasting
  4059 | D:4      | Found a blossoming altar of Fedhas.
  4194 | D:4      | Found a staircase to the Ecumenical Temple.
  4200 | Temple   | Entered the Ecumenical Temple
  4433 | Temple   | Became a worshipper of Kikubaaqudgha
  4545 | D:4      | Found a glowing golden altar of the Shining One.
  4851 | D:4      | Reached XP level 6. HP: 32/32 MP: 8/17
  4863 | D:5      | Entered Level 5 of the Dungeon
  5399 | D:5      | Noticed Eustachio
  5409 | D:5      | Reached skill level 7 in Spellcasting
  5411 | D:5      | Killed Eustachio
  5411 | D:5      | Reached skill level 8 in Spellcasting
  5587 | D:5      | Found Iwopteoq's Gadget Shop.
  5592 | D:5      | Reached XP level 7. HP: 36/36 MP: 11/20
  5742 | D:5      | Reached * piety under Kikubaaqudgha
  5742 | D:5      | Identified Kikubaaqudgha's Catalogue of Evil (Kikubaaqudgha
                  | gifted it to you on level 5 of the Dungeon)
  5742 | D:5      | Received a gift from Kikubaaqudgha
  5746 | D:5      | Learned a level 1 spell: Animate Skeleton
  5747 | D:5      | Reached skill level 9 in Spellcasting
  5748 | D:5      | Learned a level 1 spell: Pain
  6274 | D:5      | Reached skill level 10 in Spellcasting
  6281 | D:5      | Learned a level 3 spell: Vampiric Draining
  6532 | D:6      | Found a glowing drain.
  6595 | Sewer    | Entered a sewer
  6771 | Sewer    | Reached ** piety under Kikubaaqudgha
  6912 | Sewer    | Found a glowing silver altar of Zin.
  7156 | D:6      | Noticed Menkaure
  7162 | D:6      | Killed Menkaure
  7162 | D:6      | Reached skill level 11 in Spellcasting
  7162 | D:6      | Reached XP level 8. HP: 9/41 MP: 15/25
  7437 | D:6      | Learned a level 2 spell: Sublimation of Blood
  7704 | D:6      | Gained mutation: You are partially covered in yellow
                  | scales. (AC +2) [potion of mutation]
  7704 | D:6      | Gained mutation: Potions are less effective at restoring
                  | your health. [potion of mutation]
  7704 | D:6      | Gained mutation: Your movements are slightly less
                  | encumbered by armour. (ER -2) [potion of mutation]
  7715 | D:6      | Lost mutation: Potions are less effective at restoring your
                  | health. [potion of mutation]
  7715 | D:6      | Gained mutation: You are frail. (-10% HP) [potion of
                  | mutation]
  7715 | D:6      | Gained mutation: You are weak. (Str -2) [potion of
                  | mutation]
  7715 | D:6      | Gained mutation: You passively map a small area around you.
                  | [potion of mutation]
  8183 | D:7      | Reached skill level 12 in Spellcasting
  8268 | D:7      | Noticed Maggie
  9258 | D:7      | Found a snail-covered altar of Cheibriados.
  9660 | D:8      | Reached skill level 1 in Fire Magic
  9878 | D:8      | Learned a level 3 spell: Dazzling Flash
  9940 | D:7      | Learned a level 2 spell: Searing Ray
 10035 | D:8      | Reached XP level 9. HP: 39/40 MP: 18/27
 10107 | D:8      | Reached *** piety under Kikubaaqudgha
 10107 | D:8      | Identified Kikubaaqudgha's Reference Book on Stolen Souls
                  | (Kikubaaqudgha gifted it to you on level 8 of the Dungeon)
 10107 | D:8      | Received a gift from Kikubaaqudgha
 10141 | D:8      | Learned a level 4 spell: Dispel Undead
 10567 | D:8      | Reached skill level 1 in Conjurations
 10578 | D:8      | Reached skill level 5 in Necromancy
 10780 | D:8      | Found a staircase to the Lair.
 10942 | D:9      | Noticed a two-headed ogre
 11168 | D:9      | Noticed a gargoyle
 11169 | D:9      | Noticed a white ugly thing
 11272 | D:9      | Noticed a troll
 11276 | D:9      | Killed a troll
 11347 | D:9      | Killed a two-headed ogre
 11347 | D:9      | Reached XP level 10. HP: 45/45 MP: 12/28
 11488 | D:9      | Noticed Erolcha
 11756 | D:3      | Killed Sigmund
 11810 | D:3      | Lost mutation: You are frail. (-10% HP) [potion of
                  | mutation]
 11810 | D:3      | Lost mutation: You are weak. (Str -2) [potion of mutation]
 11810 | D:3      | Lost mutation: You passively map a small area around you.
                  | [potion of mutation]
 11810 | D:3      | Gained mutation: Scrolls take you a little longer to read.
                  | [potion of mutation]
 11810 | D:3      | Gained mutation: You are dopey. (Int -2) [potion of
                  | mutation]
 11810 | D:3      | Gained mutation: Your spells are a little harder to cast,
                  | but a little more powerful. [potion of mutation]
 11873 | D:3      | Found a hazy altar of Hepliaklqana.
 11873 | D:3      | Found a sparkling altar of Nemelex Xobeh.
 11878 | D:3      | Found a hide-covered altar of Uskayaw.
 11880 | D:3      | Found an opulent altar of Gozag.
 11881 | D:3      | Found a sacrificial altar of Ru.
 12194 | D:9      | Reached **** piety under Kikubaaqudgha
 12345 | D:8      | note
 12369 | Lair:1   | Entered Level 1 of the Lair of Beasts
 12463 | Lair:1   | Reached skill level 10 in Necromancy
 14083 | Lair:2   | Noticed a cane toad
 14083 | Lair:2   | Noticed an eight-headed hydra
 14114 | Lair:2   | Noticed a four-headed hydra
 14114 | Lair:2   | Noticed a seven-headed hydra
 14161 | Lair:2   | Slain by an eight-headed hydra

Illustrated notes

....###>.##.# #...##.##.#
..#.......#.# #### ###..###.##.#
..#####...[>###..####............
###.....#).........##............
##.......[.....#......#.....#....
..........[...............[.#....
................###.......[.###.#
#...............###.#.......###.#
................@>...............
#....................#...........
#.................##.#.####.##...
##...............<.#.#.# #.##...
##...........#......#.# #..#...
###...#..#...##........#####...#[
..######...#.##...........####..#
..# ###...#####..............#
..# ##.....####................


Turn 12345 on D:8: note

Levels and vault maps discovered:
D:1:      grunt_arrival_lava_bath, layout_loops_cross
D:2:      layout_rooms, dk_noncrumbling_3
D:3:      layout_rooms, chequers_temple_overflow_minitemple, fountainhead,
          uniq_sigmund, uniq_terence, uniq_natasha
D:4:      layout_basic, tso_altar, okawaru_metal_pillars_1_2,
          minmay_temple_entry_enclosed_plants, minivault_4,
          corexii_corridor_pit, fedhas_ov_isle_minmay
D:5:      layout_rooms, serial_shops, nicolae_shop_statue_plus, uniq_eustachio
D:6:      layout_loops_corners, portal_sewer_entry_a, uniq_menkaure
D:7:      layout_loops_cross, cheibriados_altar_1, uniq_maggie
D:8:      layout_rooms, lair_entry_dummy
D:9:      layout_irregular_city, serial_column_ruins, column_ruins_hut,
          column_ruins_corridor_corner, column_ruins_grid_1,
          column_ruins_columns_T, column_ruins_open_medium,
          lightli_fourway_metalbox, uniq_erolcha, uniq_erica
Temple:   eino_temple_water
Lair:1:   layout_layer_cave
Lair:2:   layout_cave_pods, swamp_mist_pool, basic_altar,
          eino_house_with_fridge, grunt_megastairs_3

Skill      XL: |  1  2  3  4  5  6  7  8  9 10 |
---------------+-------------------------------+-----
Poison Magic   | 4 5 6 9 |  9.6
Air Magic      | 1 2 3 |  3.2
Spellcasting   | 4 6 8 11 12 | 12.4
Necromancy     | 3 9 11 | 11.1
Transmutations | 2 3 |  3.0
Fire Magic     | 2 3 |  3.4
Conjurations   | 1 |  1.0
Dodging        | |  2.4
Stealth        | |  2.4

Action                   |  1- 3 |  4- 6 |  7- 9 | 10-12 || total
-------------------------+-------+-------+-------+-------++-------
Melee: Trident           |       |     6 |       |       ||     6
       Staff             |       |       |     9 |     1 ||    10
 Fire: Hunting sling     |     1 |     9 |       |       ||    10
Throw: Stone             |       |       |     2 |       ||     2
       Boomerang         |       |       |     2 |     2 ||     4
 Cast: Sting             |    12 |       |       |       ||    12
       Poisonous Vapours |    50 |    53 |    68 |    33 ||   204
       Olgreb's Toxic Ra |       |     5 |    19 |     3 ||    27
       Ignite Poison     |       |    18 |    52 |    23 ||    93
       Mephitic Cloud    |       |    10 |    27 |     1 ||    38
       Animate Skeleton  |       |       |    34 |    12 ||    46
       Sublimation of Bl |       |       |    10 |     1 ||    11
       Searing Ray       |       |       |     7 |     3 ||    10
       Pain              |       |       |     3 |       ||     3
       Dispel Undead     |       |       |     2 |     1 ||     3
Evoke: Wand              |       |       |       |     1 ||     1
  Use: Scroll            |       |     1 |    16 |     8 ||    25
       Potion            |       |       |     3 |     1 ||     4
Armor: Robe              |       |     2 |     4 |       ||     6
       Leather armour    |       |       |    10 |       ||    10
       Troll leather arm |       |       |       |     5 ||     5
Dodge: Dodged            |     6 |    10 |    25 |    13 ||    54

Table legend: (Time is in decaauts)
 A = Elapsed time spent in this place.
 B = Non-inter-level travel time spent in this place.
 C = Inter-level travel time spent in this place.
 D = Time resting spent in this place.
 E = Time spent auto-exploring this place.
 F = Levels seen in this place.
 G = Mean time per level.
                   A        B        C        D        E       F      G
               +--------+--------+--------+--------+--------+-----+--------+
         Total |  14370 |  12814 |   1556 |   1941 |   8994 |  13 | 1105.4 |
       Dungeon |  12077 |  10650 |   1427 |   1697 |   7272 |   9 | 1341.9 |
        Temple |    251 |    232 |     19 |      0 |    203 |   1 |  251.0 |
          Lair |   1645 |   1535 |    110 |    201 |   1222 |   2 |  822.5 |
         Sewer |    396 |    396 |      0 |     43 |    296 |   1 |  396.0 |
               +--------+--------+--------+--------+--------+-----+--------+

Top non-repeatable levels by time:
     D:4: 1890 daAuts
     D:8: 1875 daAuts
     D:6: 1653 daAuts
  Lair:1: 1641 daAuts
     D:7: 1316 daAuts
     D:1: 1316 daAuts
     D:5: 1171 daAuts
     D:3: 1119 daAuts
     D:2: 1086 daAuts
     D:9: 647 daAuts
   Sewer: 396 daAuts
  Temple: 251 daAuts
  Lair:2: 4 daAuts
